Kitaro, lawful male human Samurai -------------- .............| |............. |............| #.......>.....| ###----@--------- # @# ------### # -....|# ## |.....# |...<| ------ Kitaro the Ninja Experience level: 7 Strength: 17 Dexterity: 13 Constitution: 18 Intelligence: 9 Wisdom: 8 Charisma: 10 Health: 0(72) Energy: 27(27) AC: 3 Gold: 1034 Moves: 2643 Your Inventory: Coins $ - 1034 gold pieces Weapons a - an uncursed +0 katana (weapon in hand) b - an uncursed +3 wakizashi c - an uncursed +0 yumi (alternate weapon; not wielded) d - an uncursed +0 ya (in quiver) r - 6 [uncursed +0] darts Armor e - a blessed rustproof +0 splint mail (being worn) l - an [uncursed] +0 orcish helm (being worn) Comestibles m - 2 [uncursed] gunyoki s - an [uncursed] banana Potions f - an [uncursed] yellow potion [of fruit juice] h - an [uncursed] amber potion [of see invisible] j - an [uncursed] cloudy potion [of invisibility] n - an [uncursed] golden potion [of acid] o - a [cursed] dark green potion [of gain ability] q - an [uncursed] black potion [of polymorph] u - an [uncursed] sky blue potion [of monster detection] Wands p - an [uncursed] wand of digging [0:7] t - an [uncursed] wand of digging [0:6] Spells known in the end: Name Level Category Fail Memory Your skills at the end: Fighting Skills martial arts [Basic / Master] Weapon Skills short sword [Basic / Expert] long sword [Basic / Expert] bow [Basic / Expert] Spellcasting Skills Final Attributes: You were piously aligned. Hunger level was 781. Your alignment was 23 / 23. Monster difficulty range was 1 - 7. Level difficulty was 8. You resisted poison. You were fast. Your luck was zero. You are dead. Vanquished creatures: a large cat an owlbear a dingo 4 fire ants a bugbear 2 Mordor orcs a fog cloud a yellow light 2 red naga hatchlings a golden naga hatchling a gray ooze 3 giant ants a little dog a floating eye 2 kittens a kobold lord a kobold shaman a rabid rat a wererat 2 iguanas a coyote a large kobold 4 hobgoblins 2 giant rats a green mold a red mold 3 gnomes 3 geckos 4 jackals a fox 2 goblins 2 sewer rats a bat 4 lichens a kobold zombie 4 newts 64 creatures vanquished. Voluntary challenges: You used a wielded weapon 68 times. You read items or engraved 10 times. You put on armor 2 times. You never genocided any monsters. You never polymorphed an object. You never changed form. You used no wishes. You wrote Elbereth's name 5 times. You never encountered a bones level. You never used any Sokoban shortcuts. Dungeon overview: The Dungeons of Doom: levels 1 to 8 Level 1 a fountain, a sink a long staircase Level 2 a fountain Level 4 an altar, a fountain stairs to The Gnomish Mines Level 5 many fountains Level 6 a long staircase Level 8 <- You were here The Gnomish Mines: Level 5 stairs to The Dungeons of Doom History has recorded: On T:1 you entered the Dungeons of Doom to retrieve the Amulet of Yendor! On T:401 you reached level 2 of The Dungeons of Doom. On T:424 you advanced to experience level 2. On T:554 you advanced to experience level 3. On T:818 you reached level 3 of The Dungeons of Doom. On T:818 you reached level 4 of The Dungeons of Doom. On T:1114 you advanced to experience level 4. On T:1306 you reached level 1 of The Gnomish Mines. On T:1338 you reached level 5 of The Dungeons of Doom. On T:1352 you advanced to experience level 5. On T:1561 you reached level 6 of The Dungeons of Doom. On T:1619 you advanced to experience level 6. On T:2003 you advanced to experience level 7. On T:2134 you reached level 7 of The Dungeons of Doom. On T:2623 you reached level 8 of The Dungeons of Doom. Latest messages: The Woodland-elf swings his elven broadsword. The Woodland-elf hits! The Woodland-elf thrusts his elven spear. The Woodland-elf hits! [HP-21=35] [HP+1=36] [HP+1=37] [HP+1=38] You hit the Woodland-elf. The Woodland-elf swings his elven broadsword. The Woodland-elf just misses! You miss the Woodland-elf. (2x) The Woodland-elf swings his elven broadsword. The Woodland-elf hits! [HP-14=24] You hit the Woodland-elf! The Woodland-elf swings his elven broadsword. The Woodland-elf hits! [HP-12=12] You hit the Woodland-elf! The Woodland-elf swings his elven broadsword. The Woodland-elf hits! You die... Final status: Sayonara Kitaro the Samurai... You died in The Dungeons of Doom on dungeon level 8 with 4662 points, and 1034 pieces of gold, after 2643 moves. You were level 7 with a maximum of 72 hit points when you died.